 Dungeon Crawl Stone Soup version 0.30.1 (webtiles) character file.

Game seed: 8897106605511960525

651 AgateBread the Arsonist (level 7, -1/50 HPs)
             Began as a Hill Orc Fire Elementalist on July 2, 2023.
             Slain by Pikel
             ... wielding a +2 whip of electrocution
              (18 damage)
             ... on level 4 of the Dungeon.
             The game lasted 00:26:21 (8264 turns).

AgateBread the Arsonist (HOFE)                      Turns: 8264, Time: 00:26:22

Health: -1/50      AC:  6    Str: 11    XL:     7   Next: 53%
Magic:  3/9        EV: 12    Int: 23    God:
Gold:   179        SH:  0    Dex: 11    Spells: 2/9 levels left

rFire   . . .        o - +0 dagger (venom)
rCold   . . .        (no shield)
rNeg    . . .        C - +2 robe {Will+}
rPois   .            k - +0 helmet
rElec   .            F - +0 cloak
rCorr   .            (no gloves)
SInv    .            (no boots)
Will    +....        A - amulet of regeneration
Stlth   ++           i - +6 ring of intelligence
HPRegen 1.08/turn    (no ring)
MPRegen 0.11/turn

%: no passive effects
@: no status effects
A: no striking features
a: no special abilities


You were on level 4 of the Dungeon.
You visited 1 branch of the dungeon, and saw 4 of its levels.

You collected 179 gold pieces.

Inventory:

Hand Weapons
 c - a +0 falchion
 e - a +0 dagger
 l - a +2 mace of draining
 o - a +0 dagger of venom (weapon)
 p - a +1 dagger of speed
 s - a +0 great sword
 x - a +2 quarterstaff of distortion
 y - a +0 war axe
Armour
 b - a +0 chain mail
 j - a scarf of invisibility
 k - a +0 helmet (worn)
 r - a +0 helmet
 w - a +0 leather armour
 B - a +0 scale mail
 C - a +2 robe of willpower (worn)
 F - a +0 cloak (worn)
Jewellery
 i - a +6 ring of intelligence (left hand)
 A - an amulet of regeneration (around neck)
Scrolls
 f - 2 scrolls of immolation
 g - a scroll of amnesia
 n - a scroll of blinking {unknown}
 t - a scroll of fog {unknown}
 v - a scroll of vulnerability {unknown}
 z - a scroll of enchant armour {unknown}
Potions
 d - a potion of invisibility
 m - a potion of mutation
 u - 5 potions of curing
 D - a potion of magic
 E - a potion of experience {unknown}


   Skills:
 - Level 1.5 Dodging
 - Level 1.5 Stealth
 - Level 1.5 Spellcasting
 + Level 4.4 Conjurations
 - Level 8.0 Fire Magic


You had 2 spell levels left.
You knew the following spells:

 Your Spells              Type           Power      Damage    Failure   Level
a - Foxfire               Conj/Fire      100%       2x1d9     1%          1
b - Scorch                Fire           76%        2d8       1%          2
c - Flame Wave            Conj/Fire      30%        2d9       11%         4

Your spell library contained the following spells:

 Spells                   Type           Power      Damage    Failure   Level
 Freeze                   Ice            4%         1d3       14%         1
 Lesser Beckoning         Tloc           2%         N/A       21%         2
 Inner Flame              Hex/Fire       20%        N/A       8%          3
 Volatile Blastmotes      Fire/Tloc      40%        2d13      8%          3
 Hailstorm                Conj/Ice       11%        3d5       16%         3
 Frozen Ramparts          Ice            2%         1d1       38%         3
 Gell's Gravitas          Tloc           1%         N/A       38%         3
 Teleport Other           Tloc           1%         N/A       38%         3


Dungeon Overview and Level Annotations

Branches:
Dungeon (4/15)
 Temple: D:4-7

Altars:
Dithmenos
Okawaru
Uskayaw
Beogh

Shops:
D:4 :

Annotations:
D:4 Pikel


Message History

The lemure shouts! x2; You hear a shout!
There is an open door here.
Casting: Scorch (safe; 1% risk of failure)
Press: ? - help, Q - select action, (/) - cycle Dir - look around, f - activate Flames lash Pikel.
Pikel is moderately wounded.
Pikel's fire resistance burns away.
Casting: Scorch (safe; 1% risk of failure)
Press: ? - help, Q - select action, (/) - cycle Dir - look around, f - activate Flames lash Pikel.
Pikel is burned terribly!
Pikel is heavily wounded.
Casting: Scorch (safe; 1% risk of failure)
Press: ? - help, Q - select action, (/) - cycle Dir - look around, f - activate Flames lash Pikel.
Pikel is burned terribly!
Pikel is severely wounded.
Pikel misses you.
You barely miss Pikel.
Pikel is severely wounded.
Pikel hits you with a +2 whip of electrocution!
Pikel attacks as you move away!
Pikel hits you with a +2 whip of electrocution.
You are electrocuted!!
Casting: Foxfire (safe; 1% risk of failure)
Press: ? - help, Q - select action, (/) - cycle Dir - look around, f - activate You conjure some foxfire!
Pikel hits you with a +2 whip of electrocution!
* * * LOW HITPOINT WARNING * * *
The foxfire hits the lemure.
The lemure is lightly wounded.
The foxfire hits the lemure.
The lemure is lightly wounded.
Pikel attacks as you move away!
Pikel hits you with a +2 whip of electrocution.
* * * LOW HITPOINT WARNING * * *
Pikel says, "It's all about the gold, really."
There is an open door here.
Pikel attacks as you move away!
Pikel hits you with a +2 whip of electrocution.
You are electrocuted!!
You die...

#....................
#..............)..... #
###..##....#....##..#
#.####'#################
#.....5.+ # #......5# #
#......5# # +......K# #
###/###@# # ## #.# # ...
..... ....... .........
#####..#### #..#


You could see Pikel (combustible) and 3 lemures.

Vanquished Creatures
  Eustachio (D:4)
  Duvessa (D:4)
  A lemure (D:4)
  A scorpion (D:4)
  Dowan (D:4)
  A hound (D:4)
  2 orc wizards
  Robin (D:2)
  4 gnolls (D:4)
  6 adders
  3 worms
  5 dart slugs (D:1)
  4 orcs
  5 ball pythons
  14 endoplasms
  3 giant cockroaches
  13 goblins
  9 hobgoblins
  4 jackals
  5 kobolds
  6 quokkas
  2 bats
  A frilled lizard (D:1)
  2 rats (D:2)
95 creatures vanquished.

Vanquished Creatures (others)
  A goblin (D:1)
  115 foxfires
116 creatures vanquished.

Grand Total: 211 creatures vanquished

Notes
Turn   | Place    | Note
-------+----------+-------------------------------------------
     0 | D:1      | AgateBread the Hill Orc Fire Elementalist began the quest
                  | for the Orb.
     0 | D:1      | Reached XP level 1. HP: 14/14 MP: 3/3
   171 | D:1      | Reached XP level 2. HP: 18/20 MP: 0/4
   210 | D:1      | Learned a level 2 spell: Scorch
   562 | D:1      | Reached skill level 4 in Fire Magic
  1096 | D:1      | Reached XP level 3. HP: 24/26 MP: 1/5
  1502 | D:1      | Found a roughly hewn altar of Beogh.
  1594 | D:1      | Found a faded altar of an unknown god.
  2230 | D:2      | Reached skill level 5 in Fire Magic
  2552 | D:2      | Reached XP level 4. HP: 33/33 MP: 1/6
  3228 | D:2      | Noticed Robin
  3820 | D:2      | Reached skill level 6 in Fire Magic
  3990 | D:2      | Killed Robin
  3991 | D:2      | Reached XP level 5. HP: 31/38 MP: 3/7
  4501 | D:3      | Learned a level 4 spell: Flame Wave
  5429 | D:3      | Found a hide-covered altar of Uskayaw.
  5589 | D:4      | Found a shadowy altar of Dithmenos.
  5617 | D:4      | Reached skill level 7 in Fire Magic
  5698 | D:4      | Reached XP level 6. HP: 45/45 MP: 0/8
  5863 | D:4      | Noticed Eustachio
  5914 | D:4      | Killed Eustachio
  5915 | D:4      | Reached skill level 8 in Fire Magic
  6210 | D:4      | Found an iron altar of Okawaru.
  6524 | D:4      | Reached XP level 7. HP: 49/50 MP: 2/9
  7050 | D:4      | Noticed Duvessa
  7050 | D:4      | Noticed Dowan
  7074 | D:4      | Killed Dowan
  7075 | D:4      | Killed Duvessa
  7382 | D:4      | Found Enkuiram's Self-Improvement Boutique.
  7882 | D:4      | Noticed Pikel
  8264 | D:4      | Slain by Pikel

Illustrated notes

Levels and vault maps discovered:
D:1:      evilmike_arrival_hilbert_curve, layout_basic,
          hellmonk_ecumenical_altar_defaced_shrine
D:2:      minmay_inner_zag, layout_basic, chequers_serial_rivers_room_b,
          uniq_robin
D:3:      layout_rooms, nicolae_uskayaw_dance_hall
D:4:      layout_gridville, mainiacjoe_overflow_boulevard, okawaru_gym_becter,
          nicolae_shop_self_help, uniq_eustachio, uniq_pikel, uniq_duvessa

Skill      XL: |  1  2  3  4  5  6  7 |
---------------+----------------------+-----
Fire Magic     | 4 5 6 7 8 |  8.0
Conjurations   | 2 4 |  4.4
Dodging        | |  1.5
Stealth        | |  1.5
Spellcasting   | |  1.5

Action                     |  1- 3 |  4- 6 |  7- 9 || total
---------------------------+-------+-------+-------++-------
  Melee: Unarmed           |     4 |       |       ||     4
         Dagger            |    36 |    70 |    30 ||   136
         Punch             |       |     1 |       ||     1
   Cast: Foxfire           |    23 |    37 |     9 ||    69
         Scorch            |    18 |    50 |    10 ||    78
         Flame Wave        |       |       |     1 ||     1
    Use: Scroll            |       |     7 |     1 ||     8
         Potion            |       |     3 |     1 ||     4
   Stab: Sleeping          |       |     1 |     1 ||     2
 Armour: Robe              |    15 |     7 |     4 ||    26
         Leather armour    |       |    22 |     3 ||    25
  Dodge: Dodged            |    45 |    57 |    23 ||   125
